 Dungeon Crawl Stone Soup version 0.27-a0-637-g3a9f0a9c12 (webtiles) character file.

Game seed: 14779779093879153811

76 porpoise the Skirmisher (level 4, 0/30 HPs)
             Began as a Gargoyle Monk on Mar 15, 2021.
             Slain by Natasha (2 damage)
             ... on level 2 of the Dungeon.
             The game lasted 00:03:52 (1456 turns).

porpoise the Skirmisher (Gargoyle Monk)             Turns: 1456, Time: 00:03:53

Health: 0/30       AC:  8    Str: 15    XL:     4   Next: 32%
Magic:  4/4        EV: 11    Int: 11    God:
Gold:   17         SH:  0    Dex: 12    Spells: 3/3 levels left

rFire    . . .     SeeInvis .   a - +0 mace
rCold    . . .     Faith    .   (no shield)
rNeg     + . .     Spirit   .   c - +0 ring mail
rPois    ∞         Reflect  .   (no helmet)
rElec    +         Harm     .   (no cloak)
rCorr    .         Rampage  .   (no gloves)
Will     .....                  (no boots)
Stlth    +.........             (no amulet)
HPRegen  0.10/turn              (no ring)
MPRegen  0.09/turn              (no ring)

@: mighty, flying
A: AC +3, negative energy resistance 1, electricity resistance, torment
resistance 1, unbreathing 1, petrification resistance
a: no special abilities


You were on level 2 of the Dungeon.
You visited 1 branch of the dungeon, and saw 2 of its levels.

You collected 17 gold pieces.

Inventory:

Hand Weapons
 a - a +0 mace (weapon)
 b - a +0 hunting sling
Missiles
 d - 19 stones (quivered)
Armour
 c - a +0 ring mail (worn)
Scrolls
 e - a scroll of random uselessness {unknown}
 f - a scroll of fog {unknown}
 g - a scroll of amnesia {unknown}
 j - a scroll of identify {unknown}
 k - a scroll of teleportation {unknown}


   Skills:
 + Level 4.5 Fighting
 + Level 4.1 Maces & Flails
 - Level 2.4 Dodging
 - Level 2.1 Stealth


You had 3 spell levels left.
You didn't know any spells.
Your spell library was empty.

Dungeon Overview and Level Annotations

Branches:
Dungeon (2/15)

Altars:

Annotations:
D:2 Natasha


Innate Abilities, Weirdness & Mutations

Your stone body is resilient. (AC +3)
You are immune to poison.
You resist negative energy. (rN+)
You are resistant to electric shocks. (rElec)
You are resistant to unholy torment.
You can survive without breathing.
You are immune to petrification.


Message History

Natasha barely misses you. The iron imp hits you.
You hit Natasha.
Natasha is moderately wounded.
Natasha mumbles some strange words.
Natasha shimmers violently.
Natasha claws you. The iron imp barely misses you.
You hit Natasha.
Natasha is severely wounded.
Natasha stares at you and mumbles some strange words.
The magic dart hits you. The iron imp hits you.
You closely miss Natasha.
Natasha is severely wounded.
Natasha barely misses you. The iron imp hits you.
* * * LOW HITPOINT WARNING * * *
You sock Natasha!
You kill Natasha!
Natasha yowls pathetically as she dies!
The iron imp disappears in a puff of smoke!
The shadow imp disappears in a puff of smoke!
Your Maces & Flails skill increases to level 4!
You have reached level 4!
You feel clever.
You start resting.
Natasha, Servant of Life and Death comes into view.
Natasha hisses angrily.
Natasha casts a spell.
Natasha casts a spell at you. The magic dart hits you!
* * * LOW HITPOINT WARNING * * *
Okay, then.
Unknown command.
It was a potion of flight.
You feel very buoyant.
You fly up into the air.
It was a potion of might.
You feel very mighty all of a sudden.
You sock Natasha!
Natasha is heavily wounded.
Natasha claws you.
You die...

############ ##..........##
######
#............#####....########
.(.(.........@##......#......#
....((#######h##.##...#......#
.<... #....h5..........# ....
#.........#....... ...
#...####.)#....... .. #.###
#..#.####.# . ### #..#.# ##.#
###....# #..# #...)#####.#.


You could see Natasha.

Vanquished Creatures
  Natasha (D:2)
  2 adders (D:2)
  2 dart slugs (D:1)
  A giant cockroach (D:1)
  5 goblins
  4 hobgoblins
  A ball python (D:1)
  4 bats
  2 frilled lizards (D:1)
  6 kobolds
  3 rats
31 creatures vanquished.

Notes
Turn   | Place    | Note
-------+----------+-------------------------------------------
     0 | D:1      | porpoise the Gargoyle Monk began the quest for the Orb.
     0 | D:1      | Reached XP level 1. HP: 14/14 MP: 1/1
   322 | D:1      | Reached XP level 2. HP: 19/19 MP: 2/2
   790 | D:1      | Reached XP level 3. HP: 24/24 MP: 3/3
  1379 | D:2      | Noticed Natasha
  1391 | D:2      | Killed Natasha
  1392 | D:2      | Reached XP level 4. HP: 4/30 MP: 4/4
  1448 | D:2      | Noticed Natasha
  1450 | D:2      | HP: 1/30 [Natasha/magic dart (9)]
  1456 | D:2      | Slain by Natasha

Illustrated notes

Levels and vault maps discovered:
D:1:      dpeg_arrival_orchard, layout_loops_ring,
          chequers_serial_rivers_micro_a, minivault_14
D:2:      lemuel_upstairs_altar, layout_rooms, uniq_natasha

Skill      XL: |  1  2  3 |
---------------+----------+-----
Fighting       | 4 |  4.5
Maces & Flails | 4 |  4.1
Dodging        | |  2.4
Stealth        | |  2.1

Action                   |  1- 3 |  4- 6 || total
-------------------------+-------+-------++-------
Melee: Mace              |    79 |     1 ||    80
 Fire: Hunting sling     |    35 |       ||    35
  Use: Potion            |       |     2 ||     2
 Stab: Sleeping          |     1 |       ||     1
Armor: Ring mail         |    36 |       ||    36
       Robe              |     2 |       ||     2
Dodge: Dodged            |    49 |       ||    49

Table legend: (Time is in decaauts)
 A = Elapsed time spent in this place.
 B = Non-inter-level travel time spent in this place.
 C = Inter-level travel time spent in this place.
 D = Time resting spent in this place.
 E = Time spent auto-exploring this place.
 F = Levels seen in this place.
 G = Mean time per level.
                   A        B        C        D        E       F      G
               +--------+--------+--------+--------+--------+-----+--------+
         Total |   1464 |   1420 |     44 |    252 |    886 |   2 |  732.0 |
       Dungeon |   1464 |   1420 |     44 |    252 |    886 |   2 |  732.0 |
               +--------+--------+--------+--------+--------+-----+--------+

Top non-repeatable levels by time:
     D:1: 1074 daAuts
     D:2: 390 daAuts
